Map: Amphion LE

Players

WeAreLegion

  • Race: Terran Terran
  • League: Silver
  • Spawn Location: 7:00

A.I. 1 (Elite) - Winner!

  • Race: Protoss Protoss
  • Spawn Location: 11:00

VOD

Have the link to the VOD?

Description

Time

  • Played on: Dec. 2, 2024, 8:48 p.m.
  • Length: 5:10
Show
View Real Time Build Order
Export as new Build Order

WeAreLegion Terran 

Build Orders: Reaper Expand 

Get SALT Encoding   

  12  0:00  SCV  
  13  0:12  SCV  
  14  0:18  Supply Depot  
  14  0:34  SCV  
  15  0:41  Barracks  
  15  0:51  Barracks  
  15  0:54  SCV  
  16  1:04  Refinery  
  16  1:06  SCV  
  17  1:18  SCV  
  18  1:30  SCV  
  19  1:42  Orbital Command  
  19  1:51  Command Center  
  19  1:58  Supply Depot  
  19  2:00  Reaper  
  20  2:13  SCV  
  21  2:32  Marine  
  22  2:38  SCV  
  22  2:42  Ghost Academy  
  23  2:46  Factory  
  23  2:50  SCV  
  24  2:55  Marine  
  25  3:02  SCV  
  25  3:05  Refinery  
  26  3:15  SCV  
  27  3:20  Barracks Reactor  
  27  3:21  Orbital Command  
  27  3:27  SCV  
  27  3:31  Factory Tech Lab  
  27  3:34  Starport  
  28  3:39  Supply Depot, SCV  
  29  3:52  SCV  
  33  3:55  Siege Tank  
  33  3:56  SCV  
  34  4:04  SCV  
  34  4:08  SCV  
  36  4:16  SCV  
  37  4:20  SCV  
  38  4:24  Barracks  
  38  4:42  Barracks  
  38  4:48  Barracks  
  38  4:51  SCV x2  
  40  4:58  Supply Depot  
Show
View Real Time Build Order
Export as new Build Order

A.I. 1 (Elite) Protoss - Winner!

Build Orders:  

Get SALT Encoding   

  12  0:00  Probe  
  13  0:13  Probe  
  14  0:20  Pylon  
  14  0:25  Probe  
  15  0:35  Probe  
  16  0:43  Probe  
  16  0:47  Assimilator  
  17  0:50  Gateway  
  17  0:52  Probe  
  18  1:00  Pylon, Probe  
  18  1:08  Probe  
  20  1:19  Probe  
  21  1:31  Probe  
  22  1:39  Zealot  
  24  1:41  Cybernetics Core  
  24  1:43  Probe  
  25  2:00  Nexus  
  25  2:12  Gateway  
  25  2:13  Zealot  
  25  2:19  Pylon  
  27  2:25  Probe  
  27  2:28  Warp Gate  
  28  2:37  Probe  
  28  2:38  Assimilator  
  29  2:44  Adept  
  29  2:50  Probe  
  31  2:59  Adept  
  31  3:01  Probe  
  34  3:08  Pylon  
  34  3:09  Probe  
  34  3:12  Probe  
  35  3:17  Probe  
  36  3:26  Gateway, Probe  
  38  3:33  Adept  
  40  3:35  Probe  
  40  3:40  Adept  
  43  3:42  Probe  
  43  3:47  Probe  
  45  3:54  Probe  
  46  3:59  Probe  
  46  4:01  Adept  
  47  4:03  Adept  
  47  4:05  Probe  
  50  4:11  Probe  
  50  4:13  Probe  
  50  4:15  Pylon  
  53  4:19  Adept  
  53  4:21  Probe  
  53  4:23  Probe  
  57  4:25  Pylon  
  58  4:32  Probe  
  58  4:37  Stalker, Probe  
  62  4:40  Stalker x2  
  62  4:45  Twilight Council, Probe  
  67  4:49  Probe  
  67  4:52  Pylon  
  68  4:57  Probe  
  69  5:00  Stalker  
  69  5:03  Stalker  
  69  5:06  Sentry  
Tags
 
League
Silver
Matchup
PvT
Replay Pack
December
Spawn Locations
Close Positions
Add a new tag
Caveats
  • Supply blocks, unpowered buildings, or Contaminate may cause inaccurate times.
  • Supply counts are checked every 10 seconds.